[Event "Titled Tuesday Blitz April 05 Late 2022"]
[White "Jaferian, Koosha"]
[Black "Ansh M Shah"]
[WhiteFideId "12507440"]
[BlackFideId "25033379"]
[WhiteElo "2560"]
[BlackElo "2389"]
[Result "1-0"]
[Round "05"]
[TimeControl "180+1"]
[Date "2022.04.06"]
[WhiteClock "0:00:50"]
[BlackClock "0:00:06"]

1. e4 c6 2. Nc3 d5 3. Nf3 dxe4 4. Nxe4 Nf6 5. Qe2 Bf5 6. Nxf6+ gxf6 7. d4 Bg6 8. c3 e6 9. g3 Nd7 10. Bg2 Bg7 11. O-O O-O 12. Be3 e5 13. Nh4 f5 14. dxe5 Nxe5 15. Rad1 Qe7 16. Bf4 Rfe8 17. Rfe1 Qc5 18. Qc2 Ng4 19. h3 Nf6 20. Bf3 Ne4 21. Ng2 Rad8 22. Be3 Qa5 23. Nf4 Rxd1 24. Rxd1 Qc7 25. Kg2 Nd6 26. Bd4 Nc4 27. Bxg7 Kxg7 28. h4 h6 29. h5 Bh7 30. Rd4 Ne5 31. Be2 Ng4 32. Qd3 Qe5 33. Rd7 1-0


[Site "https://www.chess.com"]

[Event "Titled Tuesday Blitz April 05 Late 2022"]
[White "Janturin, Artur"]
[Black "Rorrer, Grayson"]
[WhiteFideId "4130022"]
[BlackFideId "30944996"]
[WhiteElo "2343"]
[BlackElo "2122"]
[Result "0-1"]
[Round "05"]
[TimeControl "180+1"]
[Date "2022.04.06"]
[WhiteClock "0:00:05"]
[BlackClock "0:00:15"]

1. b3 e5 2. Bb2 Nc6 3. e3 d5 4. Bb5 Bd6 5. f4 f6 6. Qh5+ g6 7. Qh4 exf4 8. exf4 Qe7+ 9. Ne2 Bd7 10. Nc3 d4 11. Nd5 Qf7 12. c4 a6 13. Bxc6 bxc6 14. Nxf6+ Nxf6 15. Bxd4 O-O 16. O-O c5 17. Bb2 Ne4 18. d3 Be7 19. Qe1 Bf6 20. Qc1 Bxb2 21. Qxb2 Qf6 22. Qa3 Nd6 23. Qxc5 Rae8 24. Ng3 Qd8 25. Kh1 Nf5 26. Ne4 Be6 27. Rad1 Qd4 28. Qc6 Ne3 29. Ng5 Nxd1 30. Nxe6 Nf2+ 31. Kg1 Nh3+ 0-1


[Site "https://www.chess.com"]

[Event "Titled Tuesday Blitz April 05 Late 2022"]
[White "Jarocka, Liwia"]
[Black "Harish, Neeraj"]
[WhiteFideId "21807558"]
[BlackFideId "30958130"]
[WhiteElo "1896"]
[BlackElo "1574"]
[Result "1-0"]
[Round "05"]
[TimeControl "180+1"]
[Date "2022.04.06"]
[WhiteClock "0:00:08"]
[BlackClock "0:00:05"]

1. e4 c5 2. Nf3 d6 3. d4 cxd4 4. Nxd4 Nf6 5. Nc3 a6 6. Be3 e5 7. Nb3 Be7 8. f3 O-O 9. Qd2 h5 10. O-O-O Be6 11. h3 h4 12. Bg5 Nbd7 13. Bxh4 Rc8 14. Kb1 b5 15. Bf2 Nb6 16. Bxb6 Qxb6 17. Nd5 Nxd5 18. exd5 Bf5 19. Bd3 Bxd3 20. Qxd3 a5 21. Rc1 a4 22. Nd2 b4 23. h4 Rc7 24. c4 a3 25. b3 f5 26. g4 fxg4 27. fxg4 Rf4 28. Ne4 Rxg4 29. h5 Rg2 30. h6 Rb2+ 31. Ka1 Qd4 32. Qxd4 exd4 33. Rhg1 Kh8 34. hxg7+ Kg8 35. Rg4 Bd8 36. Rcg1 Rf7 37. Rh1 Rxg7 38. Rxg7+ Kxg7 39. Nxd6 d3 40. Rg1+ Kh6 41. Ne4 d2 42. Rd1 Rc2 43. Nxd2 Bf6+ 44. Kb1 Rb2+ 45. Kc1 Rxa2 46. Ne4 Ra1+ 47. Kc2 Ra2+ 48. Kd3 Bb2 49. Rh1+ Kg6 50. d6 Kf7 51. Rf1+ Ke6 52. Rh1 Be5 53. Rh6+ Kd7 54. Rh7+ Kc6 55. Rc7+ Kb6 56. c5+ Kb5 57. Rb7+ Kc6 58. Rc7+ Kd5 59. d7 1-0


[Site "https://www.chess.com"]

[Event "Titled Tuesday Blitz April 05 Late 2022"]
[White "Jobava, Baadur"]
[Black "Constantinou, Peter"]
[WhiteFideId "13601520"]
[BlackFideId "413038"]
[WhiteElo "2617"]
[BlackElo "2230"]
[Result "1-0"]
[Round "05"]
[TimeControl "180+1"]
[Date "2022.04.05"]
[WhiteClock "0:01:52"]
[BlackClock "0:00:43"]

1. b3 a5 2. Bb2 a4 3. e3 e6 4. Nf3 Nf6 5. Be2 d5 6. O-O Be7 7. c4 O-O 8. d3 b6 9. Nc3 a3 10. Bc1 Bb7 11. Bd2 c5 12. Rc1 Nc6 13. Re1 Nb4 14. Bf1 d4 15. exd4 cxd4 16. Nb5 Nxa2 17. Ra1 Bxf3 18. Qxf3 Nb4 19. Rxa3 Rxa3 20. Nxa3 Nxd3 21. Bxd3 Bxa3 22. b4 Qd6 23. Rb1 e5 24. Rb3 Qe6 25. Bf5 Qxc4 26. Rxa3 e4 27. Bxe4 Re8 28. Bd3 Qe6 29. h3 Nd5 30. Bc4 1-0


[Site "https://www.chess.com"]

[Event "Titled Tuesday Blitz April 05 Late 2022"]
[White "Kaganskiy, Gleb"]
[Black "Polok, Kacper"]
[WhiteFideId "4132025"]
[BlackFideId "1137158"]
[WhiteElo "2165"]
[BlackElo "2224"]
[Result "1-0"]
[Round "05"]
[TimeControl "180+1"]
[Date "2022.04.06"]
[WhiteClock "0:00:37"]
[BlackClock "0:00:53"]

1. e4 c5 2. Nf3 Nc6 3. Bb5 d6 4. Bxc6+ bxc6 5. e5 d5 6. d3 Bg4 7. h3 Bxf3 8. Qxf3 e6 9. O-O Ne7 10. c4 h5 11. b3 Nf5 12. Bb2 g5 13. g3 Bg7 14. Re1 Qa5 15. Nc3 O-O-O 16. a3 Qc7 17. Na4 Qe7 18. b4 cxb4 19. axb4 Qxb4 20. Reb1 g4 21. Qd1 dxc4 22. Bd4 Qxb1 23. Qxb1 Nxd4 24. Nc5 Rd5 25. Qb7+ Kd8 26. Qb8+ Ke7 27. Rxa7+ 1-0


[Site "https://www.chess.com"]

[Event "Titled Tuesday Blitz April 05 Late 2022"]
[White "Karttunen, Mika"]
[Black "Dreev, Aleksey"]
[WhiteFideId "502081"]
[BlackFideId "4100107"]
[WhiteElo "2343"]
[BlackElo "2625"]
[Result "0-1"]
[Round "05"]
[TimeControl "180+1"]
[Date "2022.04.05"]
[WhiteClock "0:00:18"]
[BlackClock "0:00:18"]

1. e4 c5 2. Nf3 e6 3. d4 cxd4 4. Nxd4 Nf6 5. Nc3 Nc6 6. Be3 Bb4 7. Nxc6 bxc6 8. e5 Nd5 9. Bd2 Qc7 10. f4 Qb6 11. Bd3 Ba6 12. Bxa6 Bxc3 13. bxc3 Qxa6 14. Qe2 Qa4 15. O-O O-O 16. c4 Nb6 17. c5 Nc4 18. Bc3 Qb5 19. Bd4 Na3 20. Qd2 Qc4 21. Rf2 Nb5 22. Be3 Nc3 23. Re1 Ne4 24. Qe2 Qxa2 25. Rf3 f5 26. exf6 Nxf6 27. f5 exf5 28. Qd3 Qd5 29. Qc3 a5 30. Bf4 Ne4 31. Qa1 Qxc5+ 32. Kh1 Nf2+ 33. Kg1 Nh3+ 34. Kh1 Nxf4 35. Rxf4 Rf7 36. c4 h6 37. Ref1 a4 38. R4f3 a3 39. Qa2 Qb4 40. Rd3 Qb2 41. Ra1 Qxa2 42. Rxa2 Re7 43. g4 fxg4 44. Rdxa3 Rxa3 45. Rxa3 Re4 46. c5 Rd4 47. Rc3 Kf7 48. Kg2 h5 0-1


[Site "https://www.chess.com"]

[Event "Titled Tuesday Blitz April 05 Late 2022"]
[White "Kazakouski, Valery"]
[Black "Nasuta, Grzegorz"]
[WhiteFideId "13507443"]
[BlackFideId "1141686"]
[WhiteElo "2524"]
[BlackElo "2396"]
[Result "1-0"]
[Round "05"]
[TimeControl "180+1"]
[Date "2022.04.05"]
[WhiteClock "0:00:31"]
[BlackClock "0:00:01"]

1. d4 Nf6 2. c4 e6 3. Nf3 c5 4. d5 b5 5. dxe6 fxe6 6. cxb5 d5 7. Nc3 Bb7 8. e3 Bd6 9. e4 Nbd7 10. Bd3 d4 11. Ne2 Nxe4 12. Ng3 Nef6 13. Qe2 Qe7 14. O-O O-O 15. Bg5 Rae8 16. Rae1 Qf7 17. Bxf6 gxf6 18. Bc4 Kh8 19. Bxe6 Bxf3 20. Bxf7 Rxe2 21. Nxe2 Bxe2 22. Rxe2 Rxf7 23. Re6 Bf8 24. Rd1 Nb6 25. b4 Rd7 26. bxc5 Bxc5 27. Rxf6 d3 28. Rf5 Bb4 29. Rf4 Ba5 30. Re4 d2 31. Kf1 Nd5 32. Rd4 Rd8 33. g3 Kg7 34. Kg2 Kf6 35. Kf3 Rd7 36. h4 Ke5 37. Re4+ Kd6 38. Rc4 1-0


[Site "https://www.chess.com"]

[Event "Titled Tuesday Blitz April 05 Late 2022"]
[White "Keymer, Vincent"]
[Black "Quintiliano Pinto, Renato R."]
[WhiteFideId "12940690"]
[BlackFideId "2117568"]
[WhiteElo "2557"]
[BlackElo "2439"]
[Result "1-0"]
[Round "05"]
[TimeControl "180+1"]
[Date "2022.04.05"]
[WhiteClock "0:00:03"]
[BlackClock "0:00:13"]

1. Nf3 d5 2. e3 Nf6 3. c4 c6 4. Nc3 g6 5. d4 Bg7 6. Be2 O-O 7. O-O b6 8. a4 a5 9. cxd5 cxd5 10. b3 Bb7 11. Ba3 Nc6 12. Rc1 Rc8 13. h3 Re8 14. Bb5 e6 15. Ne5 Nd7 16. f4 Bf8 17. Bxf8 Rxf8 18. Qd2 Ndb8 19. Bxc6 Bxc6 20. Nb5 Qe7 21. Qd3 f6 22. Ng4 Kg7 23. Nf2 Qd7 24. Nc3 Rc7 25. Rc2 Rfc8 26. Rfc1 Bb7 27. Na2 Ba6 28. Qd2 Rxc2 29. Rxc2 Rxc2 30. Qxc2 Qc6 31. Qd2 Nd7 32. g4 Qc7 33. Kg2 b5 34. axb5 Bxb5 35. h4 Bc6 36. Qc3 Qb6 37. g5 h6 38. Ng4 hxg5 39. hxg5 f5 40. Nf2 Bb7 41. Nd3 Qc6 42. Nc5 Bc8 43. Kf2 Qc7 44. Nxe6+ 1-0


[Site "https://www.chess.com"]

[Event "Titled Tuesday Blitz April 05 Late 2022"]
[White "Khripachenko, Alexander"]
[Black "Sliwicki, Damian"]
[WhiteFideId "54184975"]
[BlackFideId "1127128"]
[WhiteElo "2587"]
[BlackElo "2423"]
[Result "1-0"]
[Round "05"]
[TimeControl "180+1"]
[Date "2022.04.06"]
[WhiteClock "0:00:30"]
[BlackClock "0:00:07"]

1. e4 c5 2. Nf3 g6 3. d4 cxd4 4. Nxd4 Nc6 5. c4 Nf6 6. Nc3 Nxd4 7. Qxd4 d6 8. Be3 Bg7 9. f3 O-O 10. Qd2 a5 11. Rc1 a4 12. Be2 Qa5 13. O-O Be6 14. Rfd1 Rfc8 15. Nb5 Qxd2 16. Rxd2 Nd7 17. Kf2 f5 18. exf5 Bxf5 19. Nd4 Rf8 20. Nxf5 Rxf5 21. Bd3 Rff8 22. Be4 Nc5 23. Bd5+ Kh8 24. Re1 a3 25. b4 Na4 26. Bd4 Bxd4+ 27. Rxd4 Nc3 28. Rd2 e5 29. Be6 Rae8 30. Bd5 e4 31. Re3 Nb1 32. Rd1 exf3 33. Rxe8 Rxe8 34. Rxb1 Re2+ 35. Kxf3 Rxa2 36. Rb3 b6 37. h3 Kg7 38. Re3 Ra1 39. Kg3 Kf6 40. h4 h5 41. Kh2 a2 42. Ra3 Ke5 43. Bf7 Kd4 44. g3 d5 45. cxd5 Ke5 46. d6 Kxd6 47. Rxa2 Rb1 48. Rd2+ Ke7 49. Bxg6 Rxb4 50. Bxh5 Ke6 51. Be2 Ke5 52. Kg2 Ke4 53. Bf3+ Ke3 54. Re2+ Kd3 55. Kf2 b5 56. Re3+ Kd2 57. Be2 Rd4 58. Bxb5 Rd5 59. Be2 Rd8 60. Bf3 Rf8 61. g4 Rb8 62. Re7 Rb2 63. Rd7+ Kc3+ 64. Kg3 Rb1 65. h5 Rg1+ 66. Kf4 Ra1 67. h6 Ra4+ 68. Be4 Ra8 69. Bxa8 1-0


[Site "https://www.chess.com"]

[Event "Titled Tuesday Blitz April 05 Late 2022"]
[White "Kohler, Aran"]
[Black "Le Goff, Ronan"]
[WhiteFideId "1002856"]
[BlackFideId "612073"]
[WhiteElo "2315"]
[BlackElo "2276"]
[Result "1-0"]
[Round "05"]
[TimeControl "180+1"]
[Date "2022.04.06"]
[WhiteClock "0:01:23"]
[BlackClock "0:01:39"]

1. d4 Nf6 2. Nf3 b6 3. Bg5 Bb7 4. e3 d5 5. Nbd2 Nbd7 6. Bd3 g6 7. h4 Bg7 8. c3 O-O 9. h5 Nxh5 10. Rxh5 gxh5 11. Nh4 f6 12. Qxh5 h6 13. Bxh6 f5 14. Bxg7 Kxg7 15. Nxf5+ Rxf5 16. Qxf5 Nf8 17. O-O-O e6 18. Qg4+ Kf7 19. Nf3 Qf6 20. Ne5+ Ke7 21. f4 Kd6 22. Rh1 Re8 23. Qh4 Qg7 24. g4 Nd7 25. Qh7 Qxh7 26. Rxh7 Nxe5 27. fxe5+ Kc6 28. g5 Rg8 29. g6 Bc8 30. g7 Bd7 31. Bg6 Rxg7 32. Rxg7 1-0


[Site "https://www.chess.com"]

[Event "Titled Tuesday Blitz April 05 Late 2022"]
[White "Kosakowski, Jakub"]
[Black "Demchenko, Anton"]
[WhiteFideId "1185080"]
[BlackFideId "4160258"]
[WhiteElo "2454"]
[BlackElo "2539"]
[Result "0-1"]
[Round "05"]
[TimeControl "180+1"]
[Date "2022.04.05"]
[WhiteClock "0:00:52"]
[BlackClock "0:00:42"]

1. d4 Nf6 2. c4 d6 3. g3 e5 4. Nc3 Nbd7 5. Bg2 g6 6. Nf3 Bg7 7. O-O O-O 8. e4 exd4 9. Nxd4 Nc5 10. Re1 Re8 11. h3 a5 12. Qc2 a4 13. Bg5 h6 14. Be3 c6 15. Rad1 Nfd7 16. Nde2 Qa5 17. Rxd6 Ne5 18. b3 axb3 19. axb3 Bxh3 20. Rd2 Bg4 21. Nd4 Ne6 22. f4 Nxd4 23. Bxd4 Nf3+ 24. Bxf3 Bxd4+ 25. Rxd4 Bxf3 26. Qd3 Qh5 27. Kf2 Bg4 28. Rg1 Qc5 29. e5 Rad8 30. Ke3 Bf5 31. Ne4 Bxe4 32. Kxe4 Rxd4+ 33. Qxd4 Qa3 34. Qd3 Qa7 35. Qd4 Qa2 36. Qd3 Qf2 37. Rd1 f5# 0-1


[Site "https://www.chess.com"]

[Event "Titled Tuesday Blitz April 05 Late 2022"]
[White "Kosteniuk, Alexandra"]
[Black "Rottenwohrer Suarez, Juan"]
[WhiteFideId "4128125"]
[BlackFideId "32068182"]
[WhiteElo "2469"]
[BlackElo "2158"]
[Result "1-0"]
[Round "05"]
[TimeControl "180+1"]
[Date "2022.04.06"]
[WhiteClock "0:01:48"]
[BlackClock "0:00:07"]

1. Nf3 Nf6 2. d4 g6 3. c4 Bg7 4. Nc3 O-O 5. e4 d6 6. Be2 e5 7. O-O Nc6 8. d5 Ne7 9. Qc2 Ne8 10. Rd1 a5 11. Nb5 h6 12. c5 f5 13. cxd6 cxd6 14. Nd2 g5 15. exf5 Bxf5 16. Qb3 a4 17. Qa3 Nxd5 18. Bc4 Be6 19. Ne4 Nf4 20. Bxe6+ Nxe6 21. Nexd6 Nxd6 22. Rxd6 Qe7 23. Be3 e4 24. Rad1 Rad8 25. Qxa4 Rxd6 26. Rxd6 Bxb2 27. Qb3 1-0


[Site "https://www.chess.com"]

[Event "Titled Tuesday Blitz April 05 Late 2022"]
[White "Kostiukov, Alexandr"]
[Black "Rosen, Eric"]
[WhiteFideId "14108100"]
[BlackFideId "2032562"]
[WhiteElo "2202"]
[BlackElo "2362"]
[Result "0-1"]
[Round "05"]
[TimeControl "180+1"]
[Date "2022.04.06"]
[WhiteClock "0:01:04"]
[BlackClock "0:02:06"]

1. g3 d5 2. Bg2 Nf6 3. d3 b6 4. c4 Bb7 5. cxd5 Bxd5 6. Nf3 e5 7. Nc3 Bb7 8. O-O Nbd7 9. b3 Bd6 10. Bb2 O-O 11. Nb5 Re8 12. Rc1 a6 13. Nxd6 cxd6 14. b4 Nf8 15. Ng5 Bxg2 16. Kxg2 Qd7 17. Ne4 Nd5 18. Qb3 Qb7 19. Nxd6 Nf4+ 0-1


[Site "https://www.chess.com"]

[Event "Titled Tuesday Blitz April 05 Late 2022"]
[White "Kozak, Antoni"]
[Black "Dobre, Claudiu-Cristian"]
[WhiteFideId "21832030"]
[BlackFideId "1211854"]
[WhiteElo "2618"]
[BlackElo "2512"]
[Result "1-0"]
[Round "05"]
[TimeControl "180+1"]
[Date "2022.04.06"]
[WhiteClock "0:00:17"]
[BlackClock "0:00:01"]

1. d4 d5 2. Nf3 Nf6 3. c3 g6 4. Bf4 Bg7 5. Nbd2 O-O 6. h3 Nbd7 7. e3 c5 8. Be2 Re8 9. Ne5 Qb6 10. Qb3 c4 11. Qxb6 Nxb6 12. b3 cxb3 13. axb3 a6 14. O-O Be6 15. Nd3 Nfd7 16. Rfc1 Rec8 17. Nf3 f6 18. Nd2 Bf5 19. g4 Bxd3 20. Bxd3 e5 21. Bg3 Rc6 22. c4 exd4 23. exd4 f5 24. Nf3 fxg4 25. hxg4 Rac8 26. c5 Na8 27. b4 Nc7 28. Kg2 b6 29. Bxa6 Nxa6 30. Rxa6 bxc5 31. Rxc6 Rxc6 32. dxc5 Bb2 33. Rb1 Bc3 34. Bd6 Nf8 35. b5 Rc8 36. b6 Nd7 37. b7 Rc6 38. b8=Q+ Nxb8 39. Rxb8+ Kg7 40. Rb3 d4 41. Be5+ Kf7 42. Rb7+ Ke8 43. Bxd4 Bxd4 44. Nxd4 Rxc5 45. Ne6 Re5 46. Nf4 h5 47. gxh5 gxh5 48. Rh7 Rf5 49. Kf3 Kf8 50. Rxh5 Rf6 51. Kg4 Ra6 52. Kg5 Ra5+ 53. Kg4 Ra2 54. f3 Rf2 55. Rf5+ Kg7 56. Nh5+ Kg6 57. Ng3 Rg2 58. Rg5+ 1-0


[Site "https://www.chess.com"]

[Event "Titled Tuesday Blitz April 05 Late 2022"]
[White "Koziorowicz, Michal"]
[Black "Rytenko, Vsevolod"]
[WhiteFideId "21809194"]
[BlackFideId "14133040"]
[WhiteElo "2679"]
[BlackElo "2358"]
[Result "0-1"]
[Round "05"]
[TimeControl "180+1"]
[Date "2022.04.06"]
[WhiteClock "0:00:49"]
[BlackClock "0:00:20"]

1. e4 c5 2. Nf3 d6 3. Bb5+ Nc6 4. O-O Nf6 5. Re1 g6 6. c3 Bg7 7. d4 O-O 8. Bg5 cxd4 9. cxd4 Qb6 10. Nc3 Bg4 11. Bxc6 bxc6 12. e5 dxe5 13. dxe5 Rfd8 14. Qe2 Nd5 15. Nxd5 Rxd5 16. Be3 Qb5 17. Qxb5 cxb5 18. Nd4 Bxe5 19. Nc6 Bf6 20. Nxa7 Bxb2 21. Rab1 Bc3 22. Rec1 b4 23. a3 Bf5 24. Nc6 Rd7 25. Rxb4 Bxb4 26. axb4 Rc8 27. b5 Kg7 28. Ra1 Rb7 29. h3 Rxb5 30. Na7 Rbb8 31. Nxc8 Rxc8 32. Ra7 Re8 33. Bc5 Kf6 34. g4 Be4 35. Kh2 Bd5 36. Kg3 e6 37. f4 h6 38. Bd4+ e5 39. Bxe5+ Rxe5 40. fxe5+ Kxe5 41. h4 Be6 42. Ra8 Kf6 43. Ra5 Kg7 44. Kf4 Kf6 45. g5+ hxg5+ 46. hxg5+ Kg7 47. Ke5 Bf5 48. Kd6 Be6 49. Ke7 Bc4 50. Ra6 Bxa6 51. Kd6 Bd3 52. Ke5 Bf5 53. Kf4 Kf8 54. Ke5 Ke7 0-1


[Site "https://www.chess.com"]

[Event "Titled Tuesday Blitz April 05 Late 2022"]
[White "Ladan, Nicholas"]
[Black "Bazeev, German"]
[WhiteFideId "30918855"]
[BlackFideId "24119350"]
[WhiteElo "2167"]
[BlackElo "2493"]
[Result "0-1"]
[Round "05"]
[TimeControl "180+1"]
[Date "2022.04.05"]
[WhiteClock "0:00:03"]
[BlackClock "0:00:24"]

1. d4 Nf6 2. Bf4 g6 3. Nc3 d5 4. e3 c6 5. h4 h5 6. Nf3 Bg4 7. Qd2 Bxf3 8. gxf3 Nbd7 9. Bd3 e6 10. O-O-O b5 11. Rdg1 b4 12. Na4 Qa5 13. b3 Nb6 14. Bc7 Kd7 15. Be5 Nxa4 16. bxa4 Be7 17. Kd1 Qxa4 18. Ke2 Rhc8 19. Rb1 Ke8 20. Bxf6 Bxf6 21. Rxb4 Qxa2 22. Rhb1 Qa5 23. Rb7 Qxd2+ 24. Kxd2 Bxh4 25. Ba6 Bd8 26. c4 Rc7 27. Rxc7 Bxc7 28. Rb7 Kd8 29. c5 Kd7 30. f4 f6 31. Ke2 g5 32. Kf3 gxf4 33. exf4 Rg8 34. Rxa7 h4 35. Bf1 f5 36. Bh3 Rb8 37. Kg2 Rb4 38. Ra8 Rxd4 39. Rh8 Rxf4 40. Rh7+ Kc8 41. Rh6 Re4 42. f3 Re3 43. Kf1 d4 44. Kf2 Bg3+ 45. Kg2 d3 46. f4 d2 47. Bg4 fxg4 48. Rh7 Re2+ 49. Kf1 d1=Q# 0-1


[Site "https://www.chess.com"]

[Event "Titled Tuesday Blitz April 05 Late 2022"]
[White "Levin, Anthony"]
[Black "Estrada Nieto, Julian"]
[WhiteFideId "30940680"]
[BlackFideId "5101018"]
[WhiteElo "2031"]
[BlackElo "2252"]
[Result "0-1"]
[Round "05"]
[TimeControl "180+1"]
[Date "2022.04.06"]
[WhiteClock "0:00:04"]
[BlackClock "0:00:44"]

1. d4 Nf6 2. c4 e6 3. g3 c5 4. d5 exd5 5. cxd5 d6 6. Nc3 g6 7. Bg2 Bg7 8. Nf3 O-O 9. O-O a6 10. a4 Bf5 11. Nh4 Bc8 12. Nf3 Re8 13. Bf4 Nh5 14. Bg5 Qb6 15. Qd2 Bg4 16. Rfe1 Nd7 17. a5 Qb4 18. Qc2 c4 19. Ra4 Qb3 20. Qxb3 cxb3 21. Rb4 Nc5 22. Be3 Rxe3 23. fxe3 Re8 24. Nd4 Rxe3 25. Nxb3 Rxc3 26. Nxc5 Rxc5 27. Rxb7 Be5 28. b4 Rc2 29. Kf1 Bc3 30. Be4 Rb2 31. Rc1 Bxe2+ 32. Kg1 Bd4+ 33. Kh1 Nf6 34. Bg2 Ng4 35. h3 Ne3 36. Be4 Nf5 37. Bxf5 Bf3# 0-1


[Site "https://www.chess.com"]

[Event "Titled Tuesday Blitz April 05 Late 2022"]
[White "Manukyan, Sargis A."]
[Black "Manelyuk, Daniil"]
[WhiteFideId "13303970"]
[BlackFideId "44173920"]
[WhiteElo "2582"]
[BlackElo "2405"]
[Result "1-0"]
[Round "05"]
[TimeControl "180+1"]
[Date "2022.04.06"]
[WhiteClock "0:01:29"]
[BlackClock "0:00:06"]

1. d4 Nf6 2. c4 c5 3. d5 b5 4. cxb5 a6 5. bxa6 g6 6. Nc3 Bg7 7. Nf3 O-O 8. g3 Qa5 9. Bd2 d6 10. Bg2 Nxa6 11. O-O Nc7 12. e4 Ba6 13. Re1 Nd7 14. Qc2 Rfb8 15. Rab1 Nb5 16. Nxb5 Qxb5 17. b3 Qd3 18. Qc1 Bc8 19. Re3 Qa6 20. a4 c4 21. Bf1 Qb6 22. Bxc4 Rxa4 23. Re1 Raa8 24. Be3 Qd8 25. Nd4 Bb7 26. Nc6 Bxc6 27. dxc6 Nc5 28. b4 Nxe4 29. c7 Qd7 30. cxb8=Q+ Rxb8 31. Ba7 Qxa7 32. Rxe4 e6 33. Re2 d5 34. Bd3 Qb7 35. b5 Rc8 36. Rc2 Ra8 37. Rc7 Qb6 38. Rc8+ Rxc8 39. Qxc8+ Bf8 40. Qc6 Qd4 41. Qc2 Bc5 42. Bf1 Bb6 43. Kg2 e5 44. Rd1 Qg4 45. Rxd5 e4 46. Qe2 Qe6 47. Rd1 Qf5 48. f3 Qc5 49. fxe4 Qg1+ 50. Kh3 h5 51. e5 Kg7 52. Rd7 Qc5 53. Qf3 Qxe5 54. Qxf7+ Kh6 55. Qf8+ Kg5 56. Qf4+ Qxf4 57. gxf4+ Kxf4 58. Rd6 Be3 59. Rxg6 Kf5 60. Rc6 Kf4 61. b6 Kf3 62. b7 Bf4 63. Rf6 Kf2 64. Rxf4+ Kg1 65. b8=Q Kh1 66. Bg2+ Kg1 67. Qb6# 1-0


[Site "https://www.chess.com"]

[Event "Titled Tuesday Blitz April 05 Late 2022"]
[White "Martin Duque, Jesus"]
[Black "Herrera Reyes, Jose Antonio"]
[WhiteFideId "2208954"]
[BlackFideId "2274914"]
[WhiteElo "2446"]
[BlackElo "2592"]
[Result "1/2-1/2"]
[Round "05"]
[TimeControl "180+1"]
[Date "2022.04.06"]
[WhiteClock "0:00:01"]
[BlackClock "0:00:33"]

1. Nf3 Nf6 2. b3 b6 3. g3 Bb7 4. Bg2 e6 5. Bb2 c5 6. e3 Qc7 7. Qe2 Be7 8. c4 O-O 9. O-O d6 10. Nc3 a6 11. d3 Nbd7 12. Nh4 Rad8 13. f4 Rfe8 14. g4 g6 15. g5 Nh5 16. Ne4 d5 17. Ng3 Nxg3 18. hxg3 Bf8 19. Kf2 d4 20. e4 f5 21. e5 b5 22. Rh1 bxc4 23. bxc4 Rb8 24. Nf3 Bg7 25. Rh2 Nf8 26. Rhh1 Bc6 27. Rhb1 Nd7 28. Qd2 Qb7 29. Qc2 Qa8 30. Ba3 Bf8 31. Rxb8 Rxb8 32. Rb1 Nb6 33. Ne1 Nd7 34. Bxc6 Qxc6 35. Rxb8 Nxb8 36. Nf3 Qb6 37. Qb3 Qxb3 38. axb3 Nc6 39. Nd2 Kf7 40. Ke2 Ke8 41. Kd1 Kd7 42. Kc2 h6 43. gxh6 Bxh6 44. Bxc5 g5 45. fxg5 Bxg5 46. Nf3 Be3 47. b4 Bf2 48. b5 axb5 49. cxb5 Nd8 50. Bxd4 Bxg3 51. Kb3 Kc7 52. Kc4 Kb7 53. Bc5 Nf7 54. d4 f4 55. d5 Nd8 56. dxe6 Nxe6 57. Bd6 Kc8 58. Kd5 Kd7 59. b6 Bf2 60. b7 Ba7 61. b8=Q Bxb8 62. Bxb8 Ke7 63. Bd6+ Kf7 64. Ke4 Kg6 65. Be7 Kf7 66. Bh4 Kg6 67. Nd4 Nc5+ 68. Kxf4 Nd3+ 69. Ke4 Nxe5 70. Kxe5 Kh5 71. Bf6 Kg4 72. Ke4 Kg3 73. Nf5+ Kg4 74. Ne3+ Kg3 75. Be5+ Kf2 76. Kf4 Ke2 77. Bc3 Kd3 78. Be1 Kd4 79. Nc2+ Kd5 80. Bf2 Kc4 81. Ke4 Kc3 82. Nd4 Kc4 83. Be1 Kc5 84. Ke5 Kc4 85. Ke4 Kc5 86. Nf5 Kc4 87. Nd6+ Kc5 88. Ke5 Kc6 89. Bb4 Kb6 90. Kd5 Kc7 91. Ba5+ Kd7 92. Bb6 Ke7 93. Ke5 Kd7 94. Ba5 Kc6 95. Ke6 Kc5 1/2-1/2


[Site "https://www.chess.com"]

[Event "Titled Tuesday Blitz April 05 Late 2022"]
[White "Martinez Alcantara, Jose Eduardo"]
[Black "Korchmar, Vasiliy"]
[WhiteFideId "3805662"]
[BlackFideId "24131750"]
[WhiteElo "2690"]
[BlackElo "2370"]
[Result "1-0"]
[Round "05"]
[TimeControl "180+1"]
[Date "2022.04.05"]
[WhiteClock "0:01:41"]
[BlackClock "0:00:02"]

1. e4 c5 2. Nf3 d6 3. Bb5+ Nd7 4. O-O a6 5. Bxd7+ Bxd7 6. c3 Nf6 7. Re1 e6 8. d4 Be7 9. e5 Nd5 10. c4 Nc7 11. exd6 Bxd6 12. Nc3 Be7 13. dxc5 Bc6 14. Be3 Qxd1 15. Raxd1 Bxf3 16. gxf3 e5 17. b4 a5 18. b5 Ne6 19. Rd5 f6 20. Na4 Rc8 21. Red1 Kf7 22. Rd7 Rhd8 23. Nb6 Rc7 24. Rxd8 Bxd8 25. Na4 Be7 26. Rd5 g5 27. Kf1 Rc8 28. Rd7 Rc7 29. Rxc7 Nxc7 30. Bd2 Ne6 31. Bxa5 Nxc5 32. Nxc5 Bxc5 33. Bd2 Ke6 34. a4 Bd4 35. Be3 Kd6 36. Bxd4 exd4 37. Ke2 Kc5 38. a5 1-0


[Site "https://www.chess.com"]

[Event "Titled Tuesday Blitz April 05 Late 2022"]
[White "Mekhitarian, Krikor Sevag"]
[Black "Hakobyan, Aram"]
[WhiteFideId "2107660"]
[BlackFideId "13306677"]
[WhiteElo "2598"]
[BlackElo "2557"]
[Result "0-1"]
[Round "05"]
[TimeControl "180+1"]
[Date "2022.04.05"]
[WhiteClock "0:00:09"]
[BlackClock "0:00:46"]

1. Nf3 Nf6 2. c4 g6 3. Nc3 Bg7 4. e4 O-O 5. d4 d6 6. h3 c5 7. Be2 Nc6 8. Be3 Nd7 9. d5 Na5 10. O-O a6 11. Qc2 b5 12. cxb5 axb5 13. Bxb5 Nb6 14. Nd2 Bd7 15. Bxd7 Qxd7 16. b3 f5 17. f3 f4 18. Bf2 g5 19. Rfe1 Be5 20. Rab1 Rac8 21. Rec1 h5 22. Qd1 Kh7 23. b4 cxb4 24. Bxb6 bxc3 25. Bxa5 Qa7+ 26. Bb6 Bd4+ 27. Kh2 Bxb6 28. Nb3 Qxa2 29. Qd3 g4 30. Rc2 g3+ 0-1


[Site "https://www.chess.com"]

[Event "Titled Tuesday Blitz April 05 Late 2022"]
[White "Melikhov, Evgeny V."]
[Black "Araujo Sanchez, Josue"]
[WhiteFideId "4122046"]
[BlackFideId "6416896"]
[WhiteElo "2339"]
[BlackElo "2560"]
[Result "1-0"]
[Round "05"]
[TimeControl "180+1"]
[Date "2022.04.06"]
[WhiteClock "0:00:21"]
[BlackClock "0:00:02"]

1. d4 Nf6 2. c4 e6 3. Nc3 Bb4 4. Qc2 d5 5. cxd5 exd5 6. Bg5 h6 7. Bxf6 Qxf6 8. a3 Bxc3+ 9. Qxc3 c6 10. Nf3 O-O 11. e3 Bf5 12. Be2 Nd7 13. O-O a6 14. Rfc1 Rfe8 15. b4 Be4 16. a4 Nb6 17. Ne5 Qg5 18. f3 Bf5 19. f4 Qe7 20. Qc5 Nc8 21. Qxe7 Rxe7 22. Kf2 f6 23. Bd3 Nd6 24. Bxf5 Nxf5 25. g4 fxe5 26. gxf5 exd4 27. exd4 Re4 28. Kf3 Rxd4 29. b5 axb5 30. axb5 Rf8 31. Kg4 cxb5 32. Rc7 Rf7 33. Ra8+ Rf8 34. Ra7 Rf7 35. Raxb7 Rxc7 36. Rxc7 b4 37. Rb7 Rc4 38. f6 g6 39. h4 1-0


[Site "https://www.chess.com"]

[Event "Titled Tuesday Blitz April 05 Late 2022"]
[White "Melkumyan, Hrant"]
[Black "Tanenbaum, Zachary"]
[WhiteFideId "13302485"]
[BlackFideId "2060850"]
[WhiteElo "2604"]
[BlackElo "2168"]
[Result "1-0"]
[Round "05"]
[TimeControl "180+1"]
[Date "2022.04.05"]
[WhiteClock "0:01:19"]
[BlackClock "0:01:23"]

1. d4 d5 2. c4 dxc4 3. e3 e5 4. Bxc4 exd4 5. exd4 Bd6 6. Nf3 Nf6 7. Qe2+ Qe7 8. Qxe7+ Bxe7 9. O-O O-O 10. Re1 Bd6 11. Nc3 Bf5 12. Nb5 Nc6 13. Nxd6 cxd6 14. Bf4 d5 15. Bb5 Nb4 16. Nh4 Bd3 17. Bd6 Bxb5 18. Bxb4 Rfe8 19. Nf5 a5 20. Rxe8+ Rxe8 21. Bxa5 Re2 22. b3 Ne4 23. Be1 Kf8 24. f3 Nd2 25. Ng3 Re3 26. Bxd2 Rd3 27. Bb4+ Kg8 28. Ne2 Re3 29. Nf4 Bc6 30. Kf2 1-0


[Site "https://www.chess.com"]